 Dungeon Crawl Stone Soup version 0.28.0 (webtiles) character file.

Game seed: 10353329584227131146

140 themarg the Caller (level 5, -2/36 HPs)
             Began as a Merfolk Summoner on Feb 10, 2022.
             Slain by a scorpion (3 damage)
             ... on level 4 of the Dungeon.
             The game lasted 00:19:44 (4596 turns).

themarg the Caller (Merfolk Summoner)               Turns: 4596, Time: 00:19:45

Health: -2/36      AC:  5    Str:  8    XL:     5   Next: 23%
Magic:  3/10       EV: 13    Int: 16    God:
Gold:   130        SH:  0    Dex: 15    Spells: 2/9 levels left

rFire   . . .      SeeInvis .   v - +2 short sword (protect)
rCold   . . .      Faith    .   (no shield)
rNeg    . . .      Spirit   .   a - +0 robe
rPois   .          Reflect  .   k - +0 helmet
rElec   .          Harm     .   o - scarf {repulsion}
rCorr   .          Rampage  .   (no gloves)
Will    .....                   h - +1 pair of boots {Fly}
Stlth   ++........              (no amulet)
HPRegen 0.12/turn               (no ring)
MPRegen 0.12/turn               (no ring)

@: lethally poisoned (-2 -> -5), flying, repel missiles
A: (nimble swimmer 2), mertail, high MP 1, passive freeze, sense surroundings 1,
no potion heal 1
a: no special abilities


You were on level 4 of the Dungeon.
You visited 1 branch of the dungeon, and saw 4 of its levels.

You collected 130 gold pieces.

Inventory:

Hand Weapons
 b - a +0 club
 i - a +0 short sword
 v - a +2 short sword of protection (weapon)
Missiles
 n - 3 poisoned darts
Armour
 a - a +0 robe (worn)
 h - a +1 pair of boots of flying (worn)
 k - a +0 helmet (worn)
 o - a scarf of repulsion (worn)
Jewellery
 s - a ring of wizardry
 u - a +6 ring of dexterity
Scrolls
 c - a scroll of torment {unknown}
 d - 3 scrolls of identify
 f - 2 scrolls of amnesia
 j - a scroll of magic mapping {unknown}
 m - a scroll of enchant weapon {unknown}
 p - 2 scrolls of immolation {unknown}
 r - a scroll of vulnerability {unknown}
 x - a scroll of fog {unknown}
 y - a scroll of enchant armour {unknown}
Potions
 e - a potion of degeneration {unknown}
 g - a potion of mutation
 l - a potion of flight {unknown}
 q - a potion of heal wounds {unknown}
 t - 2 potions of magic
 w - a potion of invisibility {unknown}


   Skills:
 + Level 0.5 Fighting
 + Level 1.9 Short Blades
 + Level 0.4 Maces & Flails
 + Level 3.7 Dodging
 + Level 2.8 Stealth
 + Level 2.8 Spellcasting
 + Level 4.7 Summonings


You had 2 spell levels left.
You knew the following spells:

 Your Spells              Type           Power      Damage    Failure   Level
a - Summon Small Mammal   Summ           68%        N/A       2%          1
b - Call Canine Familiar  Summ           17%        N/A       9%          3
c - Summon Guardian Gole  Hex/Summ       9%         N/A       22%         3

Your spell library contained the following spells:

 Spells                   Type           Power      Damage    Failure   Level
 Call Imp                 Summ           17%        N/A       4%          2
 Scorch                   Fire           4%         2d5       28%         2
 Summon Lightning Spire   Summ/Air       9%         N/A       56%         4
 Flame Wave               Conj/Fire      2%         2d4       88%         4
 Summon Cactus Giant      Summ           8%         N/A       99%         6


Dungeon Overview and Level Annotations

Branches:
Dungeon (4/15)
 Temple: D:4-7

Altars:
Nemelex Xobeh


Innate Abilities, Weirdness & Mutations

((You are very nimble when in or above water. (Stealth+, EV+, Speed+++)))
Your lower body shifts to a powerful aquatic tail in water.
You have an increased reservoir of magic. (+10% MP)
A frigid envelope surrounds you and freezes all who hurt you.
You passively map a small area around you.
Potions are less effective at restoring your health.


Message History

Your system partially rejects the healing effects of potions.
You feel a strange attunement to the structure of the dungeons.
* * * LOW HITPOINT WARNING * * *
You feel sick.
The centaur hits you but does no damage.
The centaur is very cold.
The centaur is lightly wounded.
The centaur closely misses you. The scorpion stings you.
* * * LOW HITPOINT WARNING * * *
The scorpion is very cold.
The scorpion is lightly wounded.
Your rat closely misses the kobold.
Your quokka bites the centaur.
As you read the scroll labelled COCUUL ZORU, it crumbles to dust.
It is a scroll of amnesia.
Really abort (and waste the scroll)? [Y]es or [N]o only, please.
Really abort (and waste the scroll)?
Okay, then.
* * * LOW HITPOINT WARNING * * *
You feel sick. The centaur closely misses you.
The centaur kicks you but does no damage.
The centaur is very cold.
The centaur is heavily wounded.
The scorpion stings you but does no damage.
Your quokka bites the centaur.
The centaur completely misses you.
The centaur kicks you but does no damage.
The centaur is very cold.
The centaur is almost dead.
Your rat bites the kobold.
The kobold dies!
As you read the scroll labelled GOOL DALUOMME, it crumbles to dust.
It is a scroll of identify.
t - 2 potions of magic
* * * LOW HITPOINT WARNING * * *
You feel sick. The scorpion misses you. The centaur barely misses you.
The centaur kicks you but does no damage.
The centaur is very cold.
You kill the centaur!
Your quokka bites the scorpion.
The scorpion stings you.
You die...

#.#.#..........
#####..............
#.........)........
##.####.#.......c..
#.####.#.#........
#........ c......
#####..###.#. ........
#.....................
#####@r###............
#s)# .....##.##.
#r.###...... * #.
#....†...... ..
#..##.#...#. ##.
#........... ..
#†........ . ...
#..##....... * * #..#
.......,,


You could see a scorpion (ally target), a friendly quokka (summoned) and a
friendly rat (summoned).

Vanquished Creatures
  A centaur (D:4)
  3 adders
  A worm (D:3)
  A dart slug (D:1)
  5 endoplasms
  10 goblins
  4 hobgoblins
  A quokka (D:1)
  5 bats
  3 frilled lizards
  A kobold (D:1)
  6 rats
41 creatures vanquished.

Vanquished Creatures (collateral kills)
  Natasha (D:4)
  3 worms
  4 endoplasms
  A giant cockroach (D:2)
  5 hobgoblins
  4 jackals (D:1)
  4 kobolds
  A quokka (D:1)
  A ball python (D:3)
  2 bats
  2 frilled lizards
  4 goblins
32 creatures vanquished.

Vanquished Creatures (others)
  A fungus (D:2)
  2 plants (D:2)
3 creatures vanquished.

Grand Total: 76 creatures vanquished

Notes
Turn   | Place    | Note
-------+----------+-------------------------------------------
     0 | D:1      | themarg the Merfolk Summoner began the quest for the Orb.
     0 | D:1      | Reached XP level 1. HP: 13/13 MP: 3/3
   122 | D:1      | Reached XP level 2. HP: 8/19 MP: 1/5
  1242 | D:1      | Reached XP level 3. HP: 20/24 MP: 6/6
  1288 | D:1      | Learned a level 3 spell: Call Canine Familiar
  1777 | D:2      | Found a faded altar of an unknown god.
  2190 | D:2      | Found a sparkling altar of Nemelex Xobeh.
  2216 | D:2      | Reached skill level 1 in Short Blades
  2267 | D:2      | Reached XP level 4. HP: 16/30 MP: 5/7
  2407 | D:2      | Learned a level 3 spell: Summon Guardian Golem
  4449 | D:4      | Noticed a centaur
  4570 | D:4      | Noticed Natasha
  4579 | D:4      | Noticed a scorpion
  4580 | D:4      | Killed Natasha
  4581 | D:4      | Reached XP level 5. HP: 36/36 MP: 6/9
  4594 | D:4      | Gained mutation: You have an increased reservoir of magic.
                  | (+10% MP) [potion of mutation]
  4594 | D:4      | Gained mutation: A frigid envelope surrounds you and
                  | freezes all who hurt you. [potion of mutation]
  4594 | D:4      | Gained mutation: Potions are less effective at restoring
                  | your health. [potion of mutation]
  4594 | D:4      | Gained mutation: You passively map a small area around you.
                  | [potion of mutation]
  4596 | D:4      | HP: 1/36 [poisoned by a scorpion]
  4596 | D:4      | Killed a centaur
  4596 | D:4      | Slain by a scorpion

Illustrated notes

Levels and vault maps discovered:
D:1:      nicolae_arrival_washed_ashore, layout_loops_ring,
          nicolae_figureground_sparkle
D:2:      layout_loops_ring, basic_altar, dreamdust_ecumenical_altar_grove
D:3:      cheibrodos_greedy_goblins, layout_basic, hangedman_decor_growths,
          minmay_misc_feat_five
D:4:      layout_basic, cheibriados_altar_1, cheibrodos_sewer_entry_drain,
          nicolae_ossuary_entry_giza, serial_shops, shop, uniq_natasha

Skill      XL: |  1  2  3 |
---------------+----------+-----
Dodging        | 3 |  3.7
Short Blades   | 1 |  1.9
Fighting       | |  0.5
Maces & Flails | |  0.4
Stealth        | |  2.8
Spellcasting   | |  2.8
Summonings     | |  4.7

Action                   |  1- 3 |  4- 6 || total
-------------------------+-------+-------++-------
Melee: Club              |    43 |       ||    43
       Short sword       |    55 |    77 ||   132
       Punch             |     1 |       ||     1
 Cast: Summon Small Mamm |    26 |    11 ||    37
       Call Canine Famil |     4 |     6 ||    10
  Use: Scroll            |       |     2 ||     2
       Potion            |       |     1 ||     1
 Stab: Sleeping          |     3 |     5 ||     8
Armor: Robe              |    27 |    33 ||    60
Dodge: Dodged            |   102 |    54 ||   156
